 Dungeon Crawl Stone Soup version 0.31-a0-198-g2ad674f65e (webtiles) character file.

Game seed: 6988372251419287252

291 qw the Skirmisher (level 6, -1/36 HPs)
             Began as a Deep Elf Hunter on June 25, 2023.
             Was an Initiate of Okawaru.
             Slain by Dowan
             ... wielding a +2 dagger of flaming
              (5 damage)
             ... on level 4 of the Dungeon.
             The game lasted 00:01:31 (2580 turns).

qw the Skirmisher (Deep Elf Hunter)                 Turns: 2580, Time: 00:01:32

Health: -1/36      AC:  5    Str: 10    XL:     6   Next: 10%
Magic:  8/8        EV: 11    Int: 14    God:    Okawaru [......]
Gold:   91         SH:  0    Dex: 18    Spells: 5/5 levels left

rFire   . . .        b - +0 shortbow (heavy)
rCold   + . .        (shield currently unavailable)
rNeg    . . .        f - +0 ring mail {rC+}
rPois   +            (no helmet)
rElec   .            (no cloak)
rCorr   .            (no gloves)
SInv    .            (no boots)
Will    .....        (no amulet)
Stlth   +            m - ring of poison resistance
HPRegen 0.26/turn    (no ring)
MPRegen 0.11/turn

%: no passive effects
@: no status effects
A: no striking features
a: Renounce Religion


You were on level 4 of the Dungeon.
You worshipped Okawaru.
Okawaru was noncommittal.
You visited 1 branch of the dungeon, and saw 4 of its levels.

You collected 245 gold pieces.
You spent 154 gold pieces at shops.


   Skills:
 - Level 2.7 Fighting
 + Level 9.1 Ranged Weapons
 - Level 2.4 Dodging
 - Level 1.2 Stealth


You had 5 spell levels left.
You didn't know any spells.
Your spell library was empty.

Inventory:

Hand Weapons
 b - a +0 heavy shortbow (weapon)
Armour
 f - a +0 ring mail of cold resistance (worn)
Jewellery
 d - a ring of ice
 m - a ring of poison resistance (left hand)
Scrolls
 a - 2 scrolls of teleportation
 l - a scroll of identify
Potions
 c - 2 potions of curing {unknown}
 e - a potion of might
 g - a potion of heal wounds

Dungeon Overview and Level Annotations

Branches:
Dungeon (4/15)
 Temple: D:4-7

Altars:
Dithmenos
Kikubaaqudgha
Okawaru

Shops:
D:3 [

Annotations:
D:4 Dowan, Duvessa, Edmund


Message History

Enter note: You shoot an arrow.
The arrow hits Edmund but does no damage.
Edmund shouts!
You shoot an arrow.
The arrow hits Edmund but does no damage.
You shoot an arrow.
The arrow hits Edmund but does no damage.
You shoot an arrow.
The arrow hits Edmund but does no damage.
Dowan, Brother of Duvessa comes into view.
He is wielding a +2 dagger of flaming.
You shoot an arrow.
Dowan shouts!
The arrow hits Edmund but does no damage.
Edmund closely misses you.
You shoot an arrow. The arrow hits Edmund!
Edmund is lightly wounded.
Edmund closely misses you.
Dowan says, "My weaknesses are her strengths!"
You shoot an arrow. The arrow barely misses Edmund.
Duvessa, Sister of Dowan comes into view.
She is wielding a +0 short sword.
Edmund hits you with a +2 heavy flail. Dowan casts a spell at you.
The puff of frost misses you.
Duvessa moves out of view.
You shoot an arrow. The arrow hits Edmund.
Edmund is moderately wounded.
Edmund hits you with a +2 heavy flail.
You shoot an arrow. The arrow hits Edmund!
Edmund is heavily wounded.
Edmund hits you with a +2 heavy flail.
A goblin comes into view. It is wielding a +0 dagger.
Dowan casts a spell at you. The puff of flame hits you.
The goblin moves out of view.
You shoot an arrow.
The arrow hits Edmund but does no damage.
Edmund is heavily wounded.
Edmund hits you with a +2 heavy flail!
A goblin comes into view. It is wielding a +0 dagger.
Dowan hits you with a +2 dagger of flaming.
You die...

...........##.............
...........#.....%....#.#
...........#..............
########.#....#...........
#...##..##.........
#...##..#.#........
.#.##...#.##......
#.......## #....#
####...@# ####. #...@e#
#......# #........
#......... .......##..g
#......#. #.. ##....#.#.
##


You could see Edmund, Dowan and a goblin (wandering).

Vanquished Creatures
  An ogre (D:4)
  A jelly (D:4)
  Natasha (thrice) (D:3)
  4 adders
  2 worms
  A bat zombie (D:3)
  7 endoplasms
  A giant cockroach (D:1)
  8 hobgoblins
  3 jackals (D:1)
  8 kobolds
  2 quokkas (D:2)
  3 ball pythons
  2 bats
  5 frilled lizards
  5 goblins
  10 rats
66 creatures vanquished.

Notes
Turn   | Place    | Note
-------+----------+-------------------------------------------
     0 | D:1      | qw the Deep Elf Hunter began the quest for the Orb.
     0 | D:1      | Reached XP level 1. HP: 12/12 MP: 3/3
     0 | D:1      | 0 ||| qw: Version: 0.3-a-22-g0ed2b0b
     0 | D:1      | 0 ||| qw: Game counter: 5072
     0 | D:1      | 0 ||| qw: Melee chars always use a shield: true
     0 | D:1      | 0 ||| qw: God list: Okawaru
     0 | D:1      | 0 ||| qw: Allow faded altars: false
     0 | D:1      | 0 ||| qw: Do Orc after clearing Dungeon:15 true
     0 | D:1      | 0 ||| qw: Do second Lair branch before Depths: true
     0 | D:1      | 0 ||| qw: Lair rune preference: random
     0 | D:1      | 0 ||| qw: Goals: Normal
     0 | D:1      | 0 ||| PLANNING D:1-11
   255 | D:1      | Reached skill level 6 in Ranged Weapons
   255 | D:1      | Reached XP level 2. HP: 16/16 MP: 4/4
   805 | D:1      | 805 ||| UPGRADING to +0 ring mail.
   815 | D:1      | 815 ||| DROPPING +0 leather armour.
   816 | D:1      | 816 ||| DROPPING +1 robe of willpower.
   817 | D:1      | 817 ||| DROPPING ring of flight.
   818 | D:1      | 818 ||| UPGRADING to ring of poison resistance.
   819 | D:1      | 819 ||| READING 2 scrolls labelled KOTAM QAETETZ.
   820 | D:1      | 820 ||| READING scroll labelled OKEOMU KOCHUSM.
   825 | D:1      | 825 ||| READING scroll labelled ODIKHI QOCIUPT.
   826 | D:1      | 826 ||| READING 3 scrolls labelled TAN QEF WULI.
   827 | D:1      | 827 ||| READING 3 scrolls labelled SEDUL UKKIKKU.
   828 | D:1      | 828 ||| DRINKING 2 fuming golden potions.
   829 | D:1      | 829 ||| READING 2 scrolls of identify.
   829 | D:1      | 829 ||| IDENTIFYING blue potion
   830 | D:1      | 830 ||| DROPPING scroll of fear.
   831 | D:1      | 831 ||| DROPPING scroll of butterflies.
   832 | D:1      | 832 ||| DROPPING potion of degeneration.
   833 | D:1      | 833 ||| DROPPING 2 scrolls of amnesia.
   922 | D:2      | Reached XP level 3. HP: 20/20 MP: 5/5
  1076 | D:2      | Found a faded altar of an unknown god.
  1166 | D:2      | Reached skill level 7 in Ranged Weapons
  1378 | D:2      | 1378 ||| READING scroll labelled DAVAKI TOBBO.
  1379 | D:2      | 1379 ||| READING scroll labelled IPRAYBBUTIRR.
  1421 | D:3      | Reached XP level 4. HP: 25/25 MP: 6/6
  1617 | D:3      | Noticed Natasha
  1622 | D:3      | Killed Natasha
  1623 | D:3      | Reached skill level 8 in Ranged Weapons
  1703 | D:3      | Noticed Natasha
  1710 | D:3      | HP: 6/25 [Natasha (6)]
  1710 | D:3      | HP: 2/25 [Natasha (4)]
  1711 | D:3      | 1711 ||| READING scroll of teleportation.
  1712 | D:3      | 1712 ||| DRINKING potion of heal wounds.
  1713 | D:3      | Killed Natasha
  1797 | D:3      | Noticed Natasha
  1804 | D:3      | Killed Natasha
  1805 | D:3      | Reached XP level 5. HP: 15/29 MP: 7/7
  1881 | D:3      | Found Negguehy's Armour Shoppe.
  1891 | D:3      | 1891 ||| BUYING +0 ring mail of cold resistance (154 gold).
  1891 | D:3      | Bought a +0 ring mail of cold resistance for 154 gold
                  | pieces
  1891 | D:3      | 1891 ||| SHOPLISTING scarf of repulsion (168 gold, have 3).
  2111 | D:3      | Found an ancient bone altar of Kikubaaqudgha.
  2183 | D:3      | Found an iron altar of Okawaru.
  2183 | D:3      | Found a shadowy altar of Dithmenos.
  2184 | D:3      | 2184 ||| PLANNING OKAWARU WORSHIP
  2184 | D:3      | 2184 ||| UPGRADING to +0 ring mail of cold resistance.
  2194 | D:3      | 2194 ||| DROPPING +0 ring mail.
  2195 | D:3      | 2195 ||| READING scroll labelled JOODEG LUWOIKH.
  2196 | D:3      | 2196 ||| DRINKING 2 yellow potions.
  2197 | D:3      | 2197 ||| READING 2 scrolls of identify.
  2197 | D:3      | 2197 ||| IDENTIFYING red potion
  2198 | D:3      | 2198 ||| DROPPING potion of attraction.
  2202 | D:3      | Became a worshipper of Warmaster Okawaru
  2203 | D:3      | 2203 ||| PLANNING D:1-11
  2486 | D:4      | Reached skill level 9 in Ranged Weapons
  2539 | D:4      | Noticed an ogre
  2542 | D:4      | Killed an ogre
  2543 | D:4      | Reached XP level 6. HP: 36/36 MP: 8/8
  2570 | D:4      | Noticed Edmund
  2574 | D:4      | Noticed Dowan
  2577 | D:4      | Noticed Duvessa
  2580 | D:4      | HP: 4/36 [Edmund/+2 heavy flail (15)]
  2580 | D:4      | Slain by Dowan

Levels and vault maps discovered:
D:1:      lemuel_arrival_tunnels, layout_basic, minmay_tetromino_t4
D:2:      layout_basic, ebering_ecumenical_altar_webs
D:3:      layout_rooms, lemuel_zombie_altar_kikubaaqudgha,
          gammafunk_temple_overflow_wave, serial_shops, nicolae_lakefront_shop,
          kennysheep_generic_room_12, uniq_natasha
D:4:      layout_basic, serial_shops, nicolae_shop_waterfront,
          minmay_misc_feat_secret_circle, uniq_duvessa, uniq_menkaure,
          uniq_edmund

Skill      XL: |  1  2  3  4  5 |
---------------+----------------+-----
Ranged Weapons | 6 7 8 9 |  9.1
Fighting       | 2 |  2.7
Dodging        | |  2.4
Stealth        | |  1.2

Action                     |  1- 3 |  4- 6 || total
---------------------------+-------+-------++-------
   Fire: Shortbow          |   107 |    64 ||   171
    Use: Scroll            |     8 |     3 ||    11
         Potion            |     1 |     2 ||     3
 Armour: Ring mail         |    11 |     4 ||    15
         Leather armour    |     3 |       ||     3
  Dodge: Dodged            |    24 |    10 ||    34

Table legend:
 A = Non-vault XP
 B = Vault XP
 C = Vault XP percentage of total XP
 D = Non-vault monster count
 E = Vault monster count
 F = Vault count percentage of total count
                 A         B        C        D         E       F
            +---------+---------+-------+---------+---------+-------
      Total |     378 |      39 |   9.4 |      63 |       3 |   4.5
            +---------+---------+-------+---------+---------+-------
        D:1 |      32 |       2 |   5.9 |      22 |       1 |   4.3
        D:2 |      60 |       0 |   0.0 |      21 |       0 |   0.0
        D:3 |     112 |      37 |  24.8 |      14 |       2 |  12.5
        D:4 |     174 |       0 |   0.0 |       6 |       0 |   0.0
            +---------+---------+-------+---------+---------+-------
